Map: Pylon LE

Players

ManlyManMeat - Winner!

  • Race: Zerg Zerg
  • League: Diamond
  • Spawn Location: 5:00

IIIIII

  • Race: Terran Terran
  • League: Diamond
  • Spawn Location: 11:00

VOD

Have the link to the VOD?

Description

Time

  • Played on: July 7, 2025, 9:25 a.m.
  • Length: 12:23
Show
View Real Time Build Order
Export as new Build Order

ManlyManMeat Zerg - Winner!

Build Orders: Hatch First 

Get SALT Encoding   

  12  0:00  Drone  
  13  0:08  Drone  
  14  0:16  Drone, Extractor  
  15  0:22  Overlord  
  15  0:41  Drone  
  16  0:47  Hatchery  
  15  0:51  Drone  
  15  0:54  Drone  
  17  0:58  Drone  
  18  1:08  Extractor  
  17  1:14  Spawning Pool  
  16  1:18  Drone  
  16  1:20  Drone  
  18  1:26  Drone  
  19  1:37  Drone  
  20  2:01  Queen  
  20  2:02  Queen  
  20  2:03  Zergling x4  
  20  2:05  Overlord  
  26  2:14  Overlord  
  26  2:18  Drone  
  27  2:35  Hatchery  
  26  2:39  Drone x2  
  28  2:46  Drone x3  
  28  2:48  Drone  
  32  2:54  Drone  
  33  2:59  Queen  
  33  3:03  Metabolic Boost  
  35  3:14  Drone x5  
  40  3:31  Drone  
  40  3:32  Drone x2  
  43  3:38  Drone, Overlord  
  44  3:46  Queen  
  44  3:47  Queen x2  
  50  3:49  Overlord  
  50  3:51  Overlord  
  50  4:09  Roach Warren  
  49  4:13  Evolution Chamber  
  48  4:21  Extractor  
  48  4:22  Drone x2, Extractor x2  
  48  4:23  Drone x4  
  51  4:24  Drone x2  
  53  4:34  Drone x5  
  58  4:41  Lair  
  58  4:43  Drone x3  
  60  4:55  Spore Crawler  
  60  4:57  Spore Crawler  
  60  4:58  Drone  
  60  4:59  Drone x3, Spore Crawler  
  61  5:00  Drone x2  
  61  5:03  Drone x2  
  64  5:16  Zergling x2  
  64  5:17  Zergling x8, Overlord x2  
  65  5:24  Zergling x2  
  64  5:35  Roach  
  66  5:36  Overlord x3  
  66  5:49  Glial Reconstitution  
  66  5:51  Zerg Missile Weapons Level 1  
  66  5:55  Evolution Chamber  
  66  5:56  Roach x2  
  69  6:06  Hatchery  
  68  6:16  Baneling Nest  
  68  6:18  Drone x7  
  71  6:19  Drone x2, Hatchery, Infestation Pit  
  71  6:23  Zergling x8  
  77  6:34  Roach x4  
  77  6:35  Zergling x2  
  75  6:52  Roach x7  
  89  6:56  Queen  
  89  6:57  Zergling x2  
  86  7:02  Queen  
  87  7:14  Roach  
  87  7:15  Roach x5  
  93  7:19  Zerg Ground Armor Level 1  
  93  7:37  Roach x8  
  108  7:45  Infestor x3  
  114  8:02  Overlord x3  
  114  8:04  Zerg Missile Weapons Level 2  
  114  8:09  Spire  
  113  8:16  Drone x3  
  116  8:22  Infestor x2  
  114  8:36  Infestor  
  114  8:38  Drone  
  114  8:39  Drone x3  
  118  8:47  Zergling x8, Roach x7  
  118  8:48  Zergling x8  
  140  8:58  Drone x3, Extractor  
  140  8:59  Drone, Extractor  
  140  9:00  Overlord x2  
  116  9:15  Overlord x3  
  110  9:19  Roach x6  
  110  9:22  Overseer x2  
  110  9:23  Overseer  
  118  9:26  Drone  
  118  9:29  Drone  
  110  9:59  Roach x6  
  132  10:00  Roach x9  
  132  10:01  Zerg Ground Armor Level 2  
  132  10:05  Pneumatized Carapace  
  134  10:08  Drone x2  
  134  10:09  Drone  
  137  10:18  Queen  
  137  10:19  Drone  
  137  10:20  Zergling x2  
  137  10:21  Zergling x14  
  141  10:41  Roach x14  
  154  10:48  Roach x3  
  154  10:49  Roach  
  162  10:58  Drone  
  162  10:59  Overlord x2  
  163  11:04  Zergling x16  
  163  11:05  Zergling x2  
  169  11:27  Roach x10  
  161  11:41  Roach x10  
  179  12:00  Drone x2  
  181  12:03  Drone x2  
  181  12:04  Overlord x3  
  182  12:11  Ravager x8  
Show
View Real Time Build Order
Export as new Build Order

IIIIII Terran 

Build Orders: 2 Factory 

Get SALT Encoding   

  12  0:01  SCV  
  13  0:13  SCV  
  14  0:19  Supply Depot  
  14  0:25  SCV  
  15  0:42  Barracks  
  15  0:44  SCV  
  16  0:56  SCV  
  17  1:09  SCV  
  18  1:17  Command Center  
  18  1:23  Refinery  
  18  1:26  SCV  
  19  1:33  Refinery  
  19  1:41  Bunker  
  19  1:43  Marine  
  19  1:46  SCV  
  21  1:59  Supply Depot  
  21  2:02  SCV  
  21  2:04  Marine  
  23  2:27  Factory  
  23  2:32  Orbital Command  
  23  2:37  Marine  
  23  2:41  SCV  
  25  2:56  Factory  
  25  3:02  Orbital Command  
  25  3:14  Factory, Factory Tech Lab  
  25  3:19  SCV  
  26  3:31  SCV  
  26  3:33  Infernal Pre-Igniter  
  27  3:35  Hellion  
  27  3:37  SCV  
  30  3:42  Hellion  
  30  3:43  SCV  
  33  3:48  Marine  
  33  3:50  SCV  
  33  3:55  SCV  
  36  4:03  Hellion, SCV  
  36  4:05  Hellion  
  36  4:07  SCV  
  42  4:15  SCV  
  42  4:16  Hellion  
  45  4:17  Supply Depot  
  45  4:19  SCV  
  46  4:29  Factory  
  46  4:33  Hellion x2  
  46  4:36  SCV x2  
  52  4:43  Refinery, Cyclone  
  55  4:52  Mag-Field Accelerator  
  55  4:58  SCV x2  
  57  5:02  Supply Depot  
  57  5:03  Factory Tech Lab  
  57  5:04  Factory Tech Lab  
  57  5:10  SCV x2  
  59  5:22  SCV  
  59  5:27  Cyclone x2, Widow Mine x2  
  70  5:38  Supply Depot  
  70  5:41  SCV x2  
  72  5:43  Supply Depot  
  72  5:48  Cyclone, Factory Tech Lab  
  75  5:53  SCV x2  
  77  5:59  Cyclone  
  80  6:05  Refinery  
  80  6:06  Supply Depot  
  80  6:08  Supply Depot  
  80  6:09  Cyclone  
  83  6:11  Cyclone  
  86  6:23  Armory  
  86  6:35  Cyclone  
  87  6:50  Hellion x3  
  89  7:07  Hellion  
  91  7:11  Command Center, Widow Mine  
  91  7:12  Factory, Widow Mine x2  
  91  7:14  Factory  
  91  7:24  SCV x2  
  91  7:26  Drilling Claws  
  91  7:28  Terran Vehicle Weapons Level 1  
  93  7:36  SCV x2  
  93  7:48  SCV  
  93  7:49  Widow Mine x4  
  102  7:58  Factory Tech Lab  
  102  8:05  Factory Tech Lab  
  102  8:08  Supply Depot  
  102  8:09  Supply Depot  
  102  8:10  Widow Mine x2  
  102  8:11  Widow Mine x2  
  110  8:31  Cyclone  
  110  8:32  Cyclone, Supply Depot  
  107  8:37  Cyclone x3  
  116  8:48  Cyclone  
  113  9:16  Cyclone x3  
  101  9:21  Cyclone  
  102  9:24  Orbital Command  
  102  9:27  Refinery  
  102  9:45  Engineering Bay  
  102  9:46  Terran Vehicle And Ship Armor Level 1  
  102  9:48  Cyclone x2  
  102  9:49  Command Center  
  102  9:50  Refinery  
  108  9:58  Cyclone  
  101  10:01  Hellion x3  
  97  10:08  SCV  
  97  10:09  SCV x2  
  100  10:20  Hellion, SCV  
  100  10:21  SCV  
  104  10:24  Starport  
  81  10:44  Siege Tank x2  
  81  10:45  Siege Tank x2  
  81  10:47  Marine  
  81  10:48  Hellion x2  
  98  11:09  Hellion x2  
  102  11:17  Widow Mine x4  
  106  11:31  Cyclone, Widow Mine  
  90  11:38  Cyclone x4  
  84  11:50  Orbital Command  
  84  11:51  SCV x2  
  89  12:03  SCV x2  
  94  12:12  Refinery  
  98  12:18  Refinery  
Tags
 
Add a new tag
Caveats
  • Supply blocks, unpowered buildings, or Contaminate may cause inaccurate times.
  • Supply counts are checked every 10 seconds.